 Dungeon Crawl Stone Soup version 0.22-a0-398-g8bb545f (webtiles) character file.

108085 iamserjio the Eclecticist (level 16, -5/97 HPs)
             Began as a Deep Elf Fire Elementalist on May 4, 2018.
             Was a High Priest of Vehumet.
             Splashed by a tengu reaver's acid (13 damage)
             ... on level 2 of the Depths.
             The game lasted 02:14:09 (30104 turns).

iamserjio the Eclecticist (DEFE)                   Turns: 30104, Time: 02:14:10

Health: -5/97      AC:  3    Str:  5    XL:     16   Next: 1%
Magic:  0/53       EV: 21    Int: 28    God:    Vehumet [*****.]
Gold:   291        SH:  6    Dex: 15    Spells: 10/48 levels left

rFire    . . .     SeeInvis .   J - staff of power
rCold    + . .     Gourm    .   q - +1 buckler {rN+}
rNeg     + . .     Faith    .   M - +2 leather armour {rC+}
rPois    .         Spirit   .   G - +0 helmet
rElec    .         Reflect  .   V - +0 cloak
rCorr    .         Harm     .   p - +2 pair of gloves
MR       +....                  D - +0 pair of boots
Stlth    ++........             t - amulet of the acrobat
HPRegen  0.26/turn              x - ring of wizardry
MPRegen  0.33/turn              W - +5 ring of evasion

@: corroded, very slightly contaminated
A: no striking features
a: Renounce Religion


You were on level 2 of the Depths.
You worshipped Vehumet.
Vehumet was extremely pleased with you.
You were very hungry.

You visited 3 branches of the dungeon, and saw 18 of its levels.

You collected 1083 gold pieces.
You spent 792 gold pieces at shops.

Inventory:

Hand Weapons
 C - the +8 war axe "Epeon" {drain, rF+ Str+2}
   (You took it off a death knight on level 14 of the Dungeon)

   A truly terrible weapon, it drains the life of those it strikes.
   It affects your strength (+2).
   It protects you from fire.
Armour
 a - a +0 robe of magic resistance
 n - a +4 ring mail of poison resistance
 p - a +2 pair of gloves (worn)
 q - a +1 buckler of positive energy (worn)
 D - a +0 pair of boots (worn)
 G - a +0 helmet (worn)
 I - a +2 ring mail of fire resistance
 L - a +2 robe of cold resistance
 M - a +2 leather armour of cold resistance (worn)
 V - a +0 cloak (worn)
Magical Staves
 v - an uncursed staff of energy
 J - an uncursed staff of power (weapon)
Jewellery
 m - an uncursed amulet of harm {unknown}
 s - an uncursed ring of see invisible
 t - an amulet of the acrobat (around neck)
 x - a ring of wizardry (left hand)
 y - an uncursed amulet of magic regeneration
 P - an uncursed ring of protection from magic
 W - a +5 ring of evasion (right hand)
Wands
 z - a wand of acid (8)
 Z - a wand of iceblast (9)
Scrolls
 i - 6 scrolls of remove curse
 l - 4 scrolls of teleportation
 o - a scroll of blinking {unknown}
 u - 3 scrolls of magic mapping
 F - 3 scrolls of amnesia
 K - 4 scrolls of holy word
 U - 3 scrolls of immolation
Potions
 b - 2 potions of might
 d - 2 potions of mutation {unknown}
 e - a potion of heal wounds
 f - a potion of agility
 g - 2 potions of magic
 h - 2 potions of resistance
 j - 4 potions of curing
 k - a potion of ambrosia {unknown}
 r - 5 potions of lignification
 w - 2 potions of cancellation {unknown}
 A - 2 potions of haste {unknown}
 H - a potion of berserk rage {unknown}
 Q - 3 potions of brilliance {unknown}
 T - 2 potions of flight {unknown}
Miscellaneous
 Y - a fan of gales
Comestibles
 c - 14 rations
 B - 3 chunks of flesh


   Skills:
 + Level 10.2 Fighting
 - Level 9.0 Dodging
 - Level 2.4 Stealth
 - Level 4.0 Shields
 + Level 16.6 Spellcasting
 * Level 15.4 Conjurations
 * Level 16.1 Fire Magic
 - Level 5.0 Earth Magic


You had 10 spell levels left.
You knew the following spells:

 Your Spells              Type           Power        Failure   Level  Hunger
a - Lightning Bolt        Conj/Air       ######....   1%          5    None
b - Conjure Flame         Conj/Fire      #######.     0%          3    None
c - Fireball              Conj/Fire      #######...   1%          5    None
d - Sticky Flame          Conj/Fire      #######.     1%          4    None
e - Dazzling Spray        Conj/Hex       ######       1%          3    None
f - Poison Arrow          Conj/Pois      ######....   2%          6    ###....
g - Conjure Ball Lightni  Conj/Air       ######....   2%          6    ###....
h - Iron Shot             Conj/Erth      ######....   1%          6    ###....


Dungeon Overview and Level Annotations

Branches:
Dungeon (15/15) Temple (1/1) D:7 Lair (0/6) D:10 Orc (0/2) D:10 Vaults (0/5) D:13 D:14 Depths (2/5) D:15

Altars:
Ashenzari
Dithmenos
Hepliaklqana
Makhleb
Qazlal
Trog
Vehumet
Wu Jian
Yredelemnul

Shops:
D:4 [}*!   D:8 }   D:12 }%[   D:15 =*=

Portals:
Hell: Depths:1 Depths:2
Abyss: Depths:1


Message History

The bolt of poison misses you.
Evoke which item? (* to show all) (? for menu, Esc to quit)
Okay, then.
Casting: Iron Shot (safe; 1% risk of failure)
Confirm with . or Enter, or press ? or * to list all spells.
Okay, then.
Casting: Iron Shot (safe; 1% risk of failure)
Confirm with . or Enter, or press ? or * to list all spells.
Aiming: Sticky Flame (safe; 1% risk of failure)
Press: ? - help, Shift-Dir - straight line, f - tengu reaver
Aim: a tengu reaver, wielding a war axe of distortion, wearing a scale mail and wearing a buckler (almost dead, poisoned)
The sticky flame hits the tengu reaver.
The tengu reaver is almost dead.
The tengu reaver is covered in liquid flames!
The tengu reaver burns!
The tengu reaver points at you and mumbles some strange words.
The bolt of acid hits you!
* * * LOW HITPOINT WARNING * * *
The acid corrodes you!
You are splashed with acid!
The acid burns!
You die...

#.# . #.# ###.#
.. #.# ...# ...
#.# #..# ... #.#
#..# .* #.#
####..#.# #..
#*..*...# ###
#Q#######
#.@...# #####.#
#.# #.# #.#
##.#############
#...............
################


You could see a tengu reaver (burning) and a battlesphere.

Vanquished Creatures
  Rupert (D:14)
  A fire giant (Depths:2)
  A frost giant (Depths:2)
  2 very ugly things (Depths:2)
  5 stone giants
  2 spark wasps (Depths:1)
  6 ettins
  4 fire dragons
  Harold (D:12)
  4 rakshasas
  2 ice dragons
  2 hydras
  8 centaur warriors
  26 two-headed ogres
  A death knight (D:14)
  8 ogre magi
  2 deep troll shamans (Depths:2)
  3 tengu warriors
  Urug (D:12)
  A deep troll earth mage (Depths:1)
  A vampire mage (Depths:1)
  6 skeletal warriors
  2 iron trolls (Depths:2)
  A flayed ghost (Depths:1)
  7 deep trolls
  Pikel (D:8)
  2 orc knights
  2 deep elf magi
  A necromancer (D:15)
  18 ugly things
  8 cyclopes
  2 orc sorcerers (D:15)
  A manticore (D:14)
  A salamander (Depths:1)
  5 centaur zombies
  A guardian serpent (shapeshifter) (D:14)
  A naga mage (D:15)
  3 gargoyles
  A kobold demonologist (D:15)
  2 komodo dragons (D:10)
  12 yaktaurs
  2 efreet (D:14)
  A freezing wraith (D:15)
  2 tengu conjurers
  8 trolls
  A polar bear (shapeshifter) (Depths:2)
  A harpy skeleton (D:15)
  A hippogriff (D:8)
  A water elemental (Depths:2)
  A shadow (D:13)
  2 wraiths (D:11)
  2 wyverns (D:10)
  3 hungry ghosts
  A vampire (D:14)
  16 humans
  9 yaks
  A basilisk (D:10)
  Grum (D:9)
  4 vampire mosquitoes
  2 soldier ants
  3 water moccasins
  A swamp drake (D:10)
  9 orc warriors
  4 slaves (D:8)
  2 ice beasts (D:10)
  2 phantoms
  4 sky beasts
  A black bear (D:10)
  6 boggarts
  2 eyes of draining
  A necrophage (D:10)
  2 wolves (D:9)
  13 ogres
  13 centaurs
  A crocodile (D:8)
  3 big kobolds
  9 bullfrogs
  A water moccasin zombie (D:9)
  A wyvern zombie (D:11)
  5 scorpions
  6 killer bees
  13 wights
  An electric eel (D:9)
  A howler monkey (D:4)
  10 crimson imps
  3 bullfrog zombies
  6 hounds
  6 jellies
  6 orc priests
  9 orc wizards
  4 bullfrog skeletons
  3 iguanas
  5 centaur skeletons
  14 worker ants
  A hound zombie (D:8)
  A hound skeleton (D:8)
  3 worker ant zombies
  A howler monkey skeleton (D:9)
  8 adders
  6 gnolls
  2 shadow imps
  2 oozes
  An adder zombie (D:6)
  An adder skeleton (D:5)
  A worm (D:6)
  A dart slug (D:2)
  5 leopard geckos
  42 orcs
  6 bats
  10 giant cockroaches
  6 goblins
  7 hobgoblins
  12 jackals
  25 kobolds
  8 quokkas
  3 frilled lizards
  A giant cockroach zombie (D:5)
  A jackal zombie (D:9)
  A leopard gecko skeleton (D:9)
  5 rats
  A butterfly (D:5)
549 creatures vanquished.

Vanquished Creatures (others)
  A centaur zombie (D:14)
  9 ball lightnings
10 creatures vanquished.

Grand Total: 559 creatures vanquished

Notes
Turn   | Place    | Note
-------+----------+-------------------------------------------
     0 | D:1      | iamserjio the Deep Elf Fire Elementalist began the quest for the Orb.
     0 | D:1      | Reached XP level 1. HP: 10/10 MP: 6/6
   177 | D:1      | Reached XP level 2. HP: 13/15 MP: 2/8
   440 | D:1      | Reached XP level 3. HP: 19/19 MP: 5/10
   759 | D:2      | Learned a level 3 spell: Conjure Flame
  1557 | D:3      | Reached XP level 4. HP: 24/24 MP: 9/11
  2302 | D:4      | Reached skill level 5 in Fire Magic
  2302 | D:4      | Reached XP level 5. HP: 26/28 MP: 8/13
  2609 | D:3      | Learned a level 5 spell: Fireball
  2614 | D:3      | Learned a level 4 spell: Sticky Flame
  3221 | D:4      | Reached XP level 6. HP: 26/32 MP: 7/15
  3241 | D:4      | Found Liodylug's Distillery.
  3251 | D:4      | Reached skill level 5 in Spellcasting
  3292 | D:4      | Bought a potion of curing for 36 gold pieces
  3292 | D:4      | Bought a potion of heal wounds for 60 gold pieces
  3292 | D:4      | Bought a potion of lignification for 36 gold pieces
  3325 | D:4      | Found Haodghad's Antique Armour Boutique.
  3459 | D:4      | Found Lafuifukh's Assorted Antiques.
  3530 | D:4      | Found Zisegg's Gadget Emporium.
  4009 | D:4      | Found a stormy altar of Qazlal.
  4133 | D:5      | Entered Level 5 of the Dungeon
  4186 | D:5      | Reached XP level 7. HP: 9/36 MP: 7/17
  4412 | D:5      | Found a runed door.
  4431 | D:5      | Found a runed door.
  5780 | D:6      | Reached skill level 5 in Conjurations
  5877 | D:6      | Found a burning altar of Makhleb.
  5884 | D:6      | Found a hazy altar of Hepliaklqana.
  5892 | D:6      | Found a bloodstained altar of Trog.
  6271 | D:7      | Found the +27 Lear's hauberk
  6341 | D:7      | Reached XP level 8. HP: 41/41 MP: 16/20
  6555 | D:7      | Found a staircase to the Ecumenical Temple.
  6593 | Temple   | Entered the Ecumenical Temple
  6636 | Temple   | Became a worshipper of Vehumet
  7223 | D:8      | Noticed Pikel
  7229 | D:8      | Killed Pikel
  7386 | D:8      | Reached XP level 9. HP: 45/45 MP: 2/23
  7854 | D:8      | Found Penle's Gadget Emporium.
  8103 | D:8      | Noticed a two-headed ogre
  8107 | D:8      | Killed a two-headed ogre
  8107 | D:8      | Reached skill level 10 in Spellcasting
  8290 | D:8      | Reached skill level 10 in Fire Magic
  8479 | D:8      | Reached * piety under Vehumet
  8479 | D:8      | Offered knowledge of Shock by Vehumet.
  9502 | D:5      | Reached XP level 10. HP: 50/50 MP: 20/26
  9712 | D:4      | Bought 2 scrolls labeled DAEG XEGHOR for 50 gold pieces
 10138 | D:9      | Noticed a two-headed ogre
 10142 | D:9      | Killed a two-headed ogre
 10142 | D:9      | Reached skill level 1 in Fighting
 10146 | D:9      | Noticed Grum
 10150 | D:9      | Killed Grum
 10253 | D:9      | Offered knowledge of Sandblast by Vehumet.
 10509 | D:9      | Reached ** piety under Vehumet
 10809 | D:10     | Entered Level 10 of the Dungeon
 10940 | D:10     | Found a staircase to the Orcish Mines.
 11068 | D:10     | Noticed a two-headed ogre
 11079 | D:10     | Killed a two-headed ogre
 11079 | D:10     | Offered knowledge of Dazzling Spray by Vehumet.
 11136 | D:10     | Learned a level 3 spell: Dazzling Spray
 11241 | D:10     | Noticed a two-headed ogre
 11245 | D:10     | Killed a two-headed ogre
 11245 | D:10     | Reached skill level 5 in Dodging
 11245 | D:10     | Reached XP level 11. HP: 61/61 MP: 28/28
 11481 | D:10     | Reached *** piety under Vehumet
 11534 | D:10     | Found a staircase to the Lair.
 12362 | D:11     | Offered knowledge of Static Discharge by Vehumet.
 12516 | D:11     | Reached skill level 10 in Conjurations
 12748 | D:11     | Reached skill level 1 in Shields
 13673 | D:12     | Noticed Urug
 13679 | D:12     | Killed Urug
 13679 | D:12     | Reached skill level 5 in Fighting
 13762 | D:12     | Found Biuteamp's Gadget Shop.
 13849 | D:12     | Noticed a cyan ugly thing
 13857 | D:12     | Killed a cyan ugly thing
 14195 | D:12     | Found Lunaenn's Antique Armour Shop.
 14201 | D:12     | Bought a runed cloak for 180 gold pieces
 14344 | D:12     | Noticed Harold
 14351 | D:12     | Killed Harold
 14357 | D:12     | Got a faintly glowing trident {drain}
 14462 | D:12     | Found Guihacvy's Food Shop.
 14714 | D:13     | Noticed a skeletal warrior
 14714 | D:13     | Noticed a skeletal warrior
 14714 | D:13     | Noticed a skeletal warrior
 14714 | D:13     | Noticed a skeletal warrior
 14714 | D:13     | Noticed a skeletal warrior
 14773 | D:13     | Noticed a deep elf mage
 14776 | D:13     | Noticed a centaur warrior
 15005 | D:13     | Killed a deep elf mage
 15008 | D:13     | Killed a centaur warrior
 15008 | D:13     | Reached **** piety under Vehumet
 15012 | D:13     | Reached XP level 12. HP: 49/68 MP: 12/30
 15018 | D:13     | Noticed a seven-headed hydra
 15019 | D:13     | Noticed a tengu warrior
 16014 | D:13     | Offered knowledge of Olgreb's Toxic Radiance by Vehumet.
 16267 | D:13     | Killed a seven-headed hydra
 16473 | D:13     | Killed a tengu warrior
 16544 | D:13     | Identified the +8 trident "Jinolom" {drain, rPois rN++ MR+ Int-2} (You took it off Harold on level 12 of the Dungeon)
 16657 | D:13     | Noticed a two-headed ogre
 16660 | D:13     | Killed a two-headed ogre
 16731 | D:13     | Noticed a centaur warrior
 16733 | D:13     | Killed a centaur warrior
 17033 | D:13     | Learned a level 6 spell: Poison Arrow
 17034 | D:14     | Found a gate to the Vaults.
 17034 | D:14     | Noticed a centaur warrior
 17034 | D:14     | Noticed Rupert
 17034 | D:14     | Noticed an ogre mage
 17705 | D:13     | Killed an ogre mage
 17858 | D:14     | Killed Rupert
 17858 | D:14     | Reached XP level 13. HP: 75/75 MP: 27/32
 18214 | D:14     | Reached ***** piety under Vehumet
 18493 | D:14     | Offered knowledge of Conjure Ball Lightning by Vehumet.
 18541 | D:14     | Learned a level 6 spell: Conjure Ball Lightning
 19468 | D:14     | Found a shattered altar of Ashenzari.
 19468 | D:14     | Found a stormy altar of Qazlal.
 21094 | D:14     | Got a shimmering war axe {drain}
 21210 | D:14     | Noticed a fire dragon
 21364 | D:14     | Identified the +8 war axe "Epeon" {drain, rF+ Str+2} (You took it off a death knight on level 14 of the Dungeon)
 21513 | D:14     | Killed a fire dragon
 21904 | D:15     | Entered Level 15 of the Dungeon
 22298 | D:15     | Found Etocsaph's Assorted Antiques.
 22314 | D:15     | Reached skill level 15 in Fire Magic
 22338 | D:15     | Reached XP level 14. HP: 83/83 MP: 5/34
 22596 | D:15     | Found a staircase to the Depths.
 23174 | D:15     | Found Ixkeg's Jewellery Boutique.
 23467 | D:15     | Found Gumeghou's Jewellery Emporium.
 23812 | D:4      | Bought a leatherbound book for 375 gold pieces
 23818 | D:4      | Learned a level 5 spell: Lightning Bolt
 23990 | D:12     | Bought a ration for 55 gold pieces
 24102 | Depths:1 | Entered Level 1 of the Depths
 24219 | Depths:1 | Noticed a stone giant
 24225 | Depths:1 | Killed a stone giant
 24638 | Depths:1 | Found a one-way gate to the infinite horrors of the Abyss.
 24646 | Depths:1 | Offered knowledge of Lee's Rapid Deconstruction by Vehumet.
 25127 | Depths:1 | Reached skill level 15 in Spellcasting
 25521 | Depths:1 | Noticed a stone giant
 25524 | Depths:1 | Killed a stone giant
 26045 | Depths:1 | Reached XP level 15. HP: 90/90 MP: 36/36
 26386 | Depths:1 | Found a gateway to Hell.
 26847 | Depths:1 | Learned a level 6 spell: Iron Shot
 27097 | Depths:2 | Reached skill level 1 in Earth Magic
 27214 | Depths:1 | Noticed a fire giant
 28087 | Depths:2 | Noticed a fire giant
 28278 | Depths:2 | Killed a fire giant
 28561 | Depths:2 | Reached skill level 15 in Conjurations
 28601 | Depths:2 | Reached skill level 5 in Earth Magic
 29053 | Depths:2 | Reached skill level 10 in Fighting
 29791 | Depths:2 | Noticed a frost giant
 29800 | Depths:2 | Killed a frost giant
 29806 | Depths:2 | Reached XP level 16. HP: 97/97 MP: 21/38
 30104 | Depths:2 | Splashed by a tengu reaver's acid

Vault maps used:
D:1:      lightli_arrival_statue_moat
D:4:      nicolae_qazlal_general_emergency, serial_shops,
          nicolae_shop_temple_entry_statues_fountains, shop_statue,
          kennysheep_mini, shop, first_ration, eino_tiny_chamber
D:5:      lemuel_insect_pit, minivault_5
D:6:      grunt_temple_overflow_open
D:7:      minmay_temple_entry_glassed_door
D:8:      serial_shops, nicolae_shop_trees, uniq_pikel
D:9:      minivault_14, uniq_grum
D:10:     erik_lair_dragon, grunt_tengu_nest
D:12:     serial_shops, shop, shop, kennysheep_mini_moat, uniq_harold, uniq_urug
D:13:     serial_shops, bzr_entry_islet,
          hangedman_abyss_or_decor_jellyfish_corner
D:14:     minmay_the_grid_octo_2x2, david_vaults_3, kennysheep_pointless_box
D:15:     grunt_enter_depths_magical_seal, minmay_misc_feat_five, serial_shops,
          shop_fountains, nicolae_shop_behind_doors, shop_fountains
Temple:   dpeg_five_rooms_temple
Depths:1: serial_sigils, serial_sigils_hangedman_scratch,
          serial_sigils_hangedman_snap, serial_sigils_hangedman_gut,
          serial_sigils_hangedman_writhe, abyss_entry, hell_entry,
          kennysheep_generic_room_10
Depths:2: kennysheep_spiral_hall, hell_entry, minmay_crystal_water

Skill      XL: |  1  2  3  4  5  6  7  8  9 10 11 12 13 14 15 |
---------------+----------------------------------------------+-----
Fire Magic     | 4 5 6 7 8 10 11 12 13 15 16 | 16.1
Conjurations   | 2 3 4 5 6 8 9 10 11 12 14 15 | 15.4
Spellcasting   | 4 5 7 8 10 11 12 13 14 15 16 | 16.6
Fighting       | 4 5 6 7 9 10 | 10.2
Dodging        | 5 6 8 9 |  9.0
Shields        | 2 4 |  4.0
Earth Magic    | 5 |  5.0
Stealth        | |  2.4

Action                   |  1- 3 |  4- 6 |  7- 9 | 10-12 | 13-15 | 16-18 || total
-------------------------+-------+-------+-------+-------+-------+-------++-------
Melee: Unarmed           |     1 |       |       |       |       |       ||     1
       Club              |     3 |    12 |     2 |       |       |       ||    17
       Staff             |       |       |    42 |    39 |    32 |     1 ||   114
       Rapier            |       |       |    12 |    75 |       |       ||    87
       War axe           |       |       |       |       |    15 |       ||    15
 Cast: Flame Tongue      |    69 |   121 |   135 |   142 |     1 |       ||   468
       Sticky Flame      |       |     4 |    16 |    42 |    20 |     1 ||    83
       Conjure Flame     |       |     1 |     5 |     7 |     7 |       ||    20
       Fireball          |       |       |    38 |   186 |   206 |       ||   430
       Dazzling Spray    |       |       |       |     6 |    12 |       ||    18
       Poison Arrow      |       |       |       |       |   173 |     5 ||   178
       Conjure Ball Ligh |       |       |       |       |     5 |       ||     5
       Iron Shot         |       |       |       |       |    21 |     7 ||    28
       Lightning Bolt    |       |       |       |       |     1 |       ||     1
Evoke: Wand              |       |       |    21 |     4 |    11 |     2 ||    38
       Staff of energy   |       |       |     3 |       |     4 |       ||     7
  Use: Scroll            |       |     5 |     3 |     8 |    17 |       ||    33
       Potion            |       |       |       |     4 |     7 |       ||    11
 Stab: Paralysed         |       |       |    13 |       |       |       ||    13
       Sleeping          |       |       |     2 |       |       |       ||     2
  Eat: Chunk             |     2 |     5 |    17 |    26 |    36 |     2 ||    88
       Ration            |       |     1 |       |     5 |    11 |       ||    17
Armor: Robe              |     3 |     4 |    11 |    26 |       |       ||    44
       Leather armour    |       |       |       |    27 |    24 |     1 ||    52
       Ring mail         |       |       |       |       |     2 |       ||     2
Dodge: Dodged            |    23 |    32 |    92 |   154 |   158 |     2 ||   461
Block: Buckler           |       |       |       |    12 |    38 |     2 ||    52

Table legend:
 A = Spawn XP
 B = Non-spawn XP
 C = Spawn XP percentage of total XP
 D = Spawn monster count
 E = Non-spawn monster count
 F = Spawn count percentage of total count
 G = Total turns spent on level
                    A         B        C        D         E        F      G
               +---------+---------+-------+---------+---------+-------+---------
         Total |       0 |  154408 |   0.0 |       0 |     544 |   0.0 | 30104
               +---------+---------+-------+---------+---------+-------+---------
           D:1 |       0 |      41 |   0.0 |       0 |      22 |   0.0 |   710
           D:2 |       0 |      42 |   0.0 |       0 |      13 |   0.0 |   669
           D:3 |       0 |      71 |   0.0 |       0 |      17 |   0.0 |  1365
           D:4 |       0 |     531 |   0.0 |       0 |      24 |   0.0 |  1597
           D:5 |       0 |     838 |   0.0 |       0 |      27 |   0.0 |  1702
           D:6 |       0 |     308 |   0.0 |       0 |       8 |   0.0 |   951
           D:7 |       0 |     283 |   0.0 |       0 |       7 |   0.0 |  1134
           D:8 |       0 |    3716 |   0.0 |       0 |      56 |   0.0 |  1988
           D:9 |       0 |    2093 |   0.0 |       0 |      27 |   0.0 |   883
          D:10 |       0 |    5431 |   0.0 |       0 |      35 |   0.0 |  1278
          D:11 |       0 |    2532 |   0.0 |       0 |      28 |   0.0 |  1575
          D:12 |       0 |    3881 |   0.0 |       0 |      20 |   0.0 |  2203
          D:13 |       0 |   14574 |   0.0 |       0 |      46 |   0.0 |  2071
          D:14 |       0 |   25478 |   0.0 |       0 |      66 |   0.0 |  4238
          D:15 |       0 |   13168 |   0.0 |       0 |      40 |   0.0 |  2156
      Depths:1 |       0 |   46345 |   0.0 |       0 |      65 |   0.0 |  2949
      Depths:2 |       0 |   35076 |   0.0 |       0 |      43 |   0.0 |  2556
               +---------+---------+-------+---------+---------+-------+---------
